 Seeded DCSS version 0.29-a0-563-g64e4043184 (webtiles) character file.

Game seed: 5336223627522031331 (custom seed)

123048 Patoropollo the Imperceptible (level 16, -4/102 (104) HPs)
             Began as a Deep Elf Hunter on June 11, 2022.
             Was the Champion of Fedhas.
             Killed by the raging water
             ... invoked by a water nymph
              (5 damage)
             ... on level 1 of the Shoals.
             The game lasted 01:15:00 (23492 turns).

Patoropollo the Imperceptible (Deep Elf Hunter)    Turns: 23492, Time: 01:15:00

HP:   -4/102 (104)  AC: 22    Str:  8    XL:     16   Next: 36%
MP:   18/18         EV: 26    Int: 17    God:    Fedhas [******]
Gold: 2728          SH:  0    Dex: 24    Spells: 15/15 levels left

rFire   . . .      SeeInvis +   d - +10 shortbow of Aroacag {speed, +Blink rC+ SInv Stlth+}
rCold   + . .      Faith    .   (shield currently unavailable)
rNeg    . . .      Spirit   .   m - +4 troll leather armour
rPois   +          Reflect  .   B - +0 helmet
rElec   .          Harm     .   j - +2 cloak {rPois}
rCorr   .          Rampage  .   Q - +2 pair of gloves
Will    +....                   K - +2 pair of boots
Stlth   +++++.....              e - amulet of regeneration
HPRegen 1.87/turn               s - +4 ring of protection
MPRegen 0.16/turn               f - +4 ring of slaying

@: studying Translocations, lightly drained, very slow
A: no striking features
a: Renounce Religion, Evoke Blink, Wall of Briars, Grow Ballistomycete,
Overgrow, Grow Oklob


You were on level 1 of the Shoals.
You worshipped Fedhas.
Fedhas was exalted by your worship.
You visited 5 branches of the dungeon, and saw 25 of its levels.
You also visited: Sewer.

You collected 2818 gold pieces.
You spent 90 gold pieces at shops.

Inventory:

Hand Weapons
 d - the +10 shortbow of Aroacag (weapon) {speed, +Blink rC+ SInv Stlth+}
   (You acquired it on level 6 of the Lair of Beasts)

   Attacks with this weapon are significantly faster.
   rC:        It protects you from cold.
   SInv:      It lets you see invisible.
   +Blink:    It lets you blink.
   Stlth:     It makes you more stealthy.
 R - a +0 longbow
Missiles
 U - a throwing net
Armour
 j - a +2 cloak of poison resistance (worn)
 m - a +4 troll leather armour (worn)
 B - a +0 helmet (worn)
 K - a +2 pair of boots (worn)
 Q - a +2 pair of gloves (worn)
Jewellery
 a - a ring of willpower
 e - an amulet of regeneration (around neck)
 f - a +4 ring of slaying (right hand)
 o - an amulet of magic regeneration
 s - a +4 ring of protection (left hand)
Wands
 b - a wand of flame (26)
 p - a wand of mindburst (16)
 C - a wand of acid (19)
 G - a wand of digging (2)
Scrolls
 c - 3 scrolls of immolation
 l - 6 scrolls of magic mapping
 v - 13 scrolls of identify
 x - 10 scrolls of teleportation
 y - 3 scrolls of fear
 A - 3 scrolls of vulnerability
 F - 4 scrolls of fog
 H - 2 scrolls of summoning
 P - a scroll of poison
 S - a scroll of blinking
Potions
 g - a potion of cancellation
 h - 7 potions of flight
 i - a potion of resistance
 k - 3 potions of magic
 n - 7 potions of curing
 t - 5 potions of haste
 u - 5 potions of attraction
 w - 5 potions of might
 z - 5 potions of mutation
 I - 6 potions of heal wounds
 L - 4 potions of brilliance
 N - a potion of ambrosia


   Skills:
 + Level 13.0 Fighting
 + Level 19.8 Bows
 + Level 17.9 Dodging
 + Level 22.1 Stealth


You had 15 spell levels left.
You didn't know any spells.
Your spell library contained the following spells:

 Spells                   Type           Power      Damage    Failure   Level
 Foxfire                  Conj/Fire      0%         2x1d4     34%         1
 Freeze                   Ice            0%         1d3       34%         1
 Confusing Touch          Hex            0%         N/A       71%         3
 Conjure Flame            Conj/Fire      0%         6-21      71%         3
 Frozen Ramparts          Ice            0%         1d2       71%         3
 Gell's Gravitas          Tloc           0%         N/A       71%         3
 Inner Flame              Hex/Fire       0%         N/A       71%         3
 Lesser Beckoning         Tloc           0%         N/A       71%         3
 Teleport Other           Tloc           0%         N/A       71%         3
 Flame Wave               Conj/Fire      0%         2d4       98%         4
 Fulminant Prism          Conj/Hex       0%         3d6       98%         4
 Hailstorm                Conj/Ice       0%         3d3       98%         4
 Ice Form                 Ice/Tmut       0%         N/A       98%         4
 Iskenderun's Mystic Bla  Conj/Tloc      0%         2d3       98%         4
 Lee's Rapid Deconstruct  Erth           0%         3d5*      100%        5
 Summon Forest            Summ/Tloc      0%         N/A       100%        5
 Yara's Violent Unravell  Hex/Tmut       0%         3d3       100%        5
 Dispersal                Tloc           0%         N/A       100%        6
 Eringya's Noxious Bog    Tmut/Pois      0%         N/A       100%        6
 Simulacrum               Ice/Necr       0%         N/A       100%        6
 Enfeeble                 Hex            0%         N/A       100%        7
 Summon Hydra             Summ           0%         N/A       100%        7


Dungeon Overview and Level Annotations

Branches:
Dungeon (15/15)            Temple (1/1) D:6            Lair (6/6) D:10
 Shoals (1/4) Lair:4       Spider (0/4) Lair:2        Slime (0/5) Lair:6
    Orc (2/2) D:10            Elf (0/3) Orc:2        Vaults (0/5) D:13
 Depths (0/4) D:15          Sewer (visited)

Altars:
Ashenzari
Cheibriados
Dithmenos
Elyvilon
Fedhas
Gozag
Hepliaklqana
Kikubaaqudgha
Makhleb
Nemelex Xobeh
Okawaru
Qazlal
Ru
Sif Muna
Trog
Uskayaw
Vehumet
Wu Jian
Xom
Yredelemnul
Zin
The Shining One
Beogh

Shops:
Orc:1 ?   Orc:2 :*[(


Message History

The water nymph touches you. The water nymph drowns you!
* * * LOW HITPOINT WARNING * * *
Splash!
You fall into the shallow water.
Moving in this stuff is going to be slow.
The merfolk aquamancer hits you but does no damage.
You feel drained. The water elemental hits you!
* * * LOW HITPOINT WARNING * * *
The water elemental engulfs you in water!
You slip free of the water engulfing you.
The water elemental attacks as you move away!
The water elemental misses you.
You gasp with relief as air once again reaches your lungs.
The water nymph misses you.
Splash!
You fall into the shallow water.
Moving in this stuff is going to be slow.
The water elemental closely misses you.
The merfolk aquamancer attacks as you move away!
The merfolk aquamancer closely misses you.
A merfolk comes into view. It is wielding a +0 trident.
The merfolk aquamancer closely misses you.
Splash!
You fall into the shallow water.
Moving in this stuff is going to be slow.
The water elemental closely misses you.
The water elemental attacks as you move away!
The water elemental misses you.
The merfolk aquamancer attacks as you move away!
The merfolk aquamancer hits you but does no damage.
You feel drained. The water nymph casts a spell at you.
The water swirls and strikes you!!
* * * LOW HITPOINT WARNING * * *
The merfolk aquamancer mumbles some strange words.
The merfolk aquamancer blinks!
The water nymph gestures at you while chanting.
The water swirls and strikes you.
You die...
Fedhas appreciates your contribution to the ecosystem.

≈≈≈≈≈≈≈≈≈≈≈≈≈≈≈≈≈
≈≈≈≈≈≈≈≈≈≈≈≈≈≈≈≈≈≈≈≈≈.≈≈≈
≈≈≈m≈≈≈≈≈≈≈≈#≈≈≈≈≈≈....≈≈
≈≈≈≈≈≈≈≈≈≈≈≈≈≈≈≈≈...$..≈≈
≈≈≈≈≈≈...≈≈≈≈≈≈≈≈.≈≈#...≈
≈≈≈≈≈≈....≈≈≈≈≈≈†)..# ...
≈≈≈≈≈≈....≈≈≈≈≈≈....## #.
≈≈≈≈≈≈≈..Em≈.........#
≈≈≈≈≈≈≈m@§≈≈≈≈..[....#
≈≈≈≈≈≈≈≈≈E≈≈≈≈...........
≈≈≈≈≈≈≈≈≈................
≈≈≈≈≈≈≈≈≈................
≈≈≈≈≈≈≈≈≈≈.....≈≈≈≈≈.....
≈≈≈≈≈≈≈≈≈≈...≈≈≈≈≈≈≈≈≈...
≈≈≈≈≈≈≈≈≈≈..≈≈≈≈≈≈≈≈≈≈≈..
≈≈≈≈≈≈≈≈≈≈≈≈≈≈≈≈≈≈≈≈≈≈≈≈


You could see a merfolk aquamancer, a merfolk (wandering), 2 water elementals
and a water nymph.

Vanquished Creatures
  Agnes (D:14)
  An orc warlord (Orc:2)
  Josephine (D:11)
  Fannar (Lair:3)
  A great orb of eyes (D:14)
  5 boulder beetles
  2 yaktaur captains (D:14)
  20 hydras
  2 ice dragons (D:15)
  2 ogre magi (D:12)
  4 catoblepae
  5 centaur warriors
  6 two-headed ogres
  4 tengu warriors
  A deep troll earth mage (D:11)
  4 orc high priests (Orc:2)
  14 death yaks
  A hell knight (D:14)
  Sonja (D:13)
  4 skeletal warriors
  A fire crab (shapeshifter) (D:15)
  2 sea snakes (Shoals:1)
  Lodul (D:11)
  6 orc knights (Orc:2)
  Pikel (D:6)
  3 lindwurms
  A flayed ghost (D:11)
  2 wizards
  A wolf spider (D:11)
  6 orc sorcerers
  5 deep elf pyromancers (D:15)
  6 manticores
  11 ugly things
  6 cyclopes
  17 elephants
  2 merfolk sirens (Lair:4)
  Joseph (D:7)
  8 black mambas
  Psyche (D:12)
  2 gargoyles
  14 cane toads
  2 rime drakes
  A yaktaur (D:14)
  A kobold demonologist (D:9)
  3 unseen horrors
  12 komodo dragons
  A tengu conjurer (D:14)
  13 trolls
  3 meliai (D:15)
  A merfolk (Shoals:1)
  A polar bear (Lair:5)
  A wolf spider simulacrum (D:15)
  4 hornets
  A snapping turtle (Shoals:1)
  17 blink frogs
  3 slime creatures (D:12)
  4 dream sheep (Lair:4)
  A jumping spider (shapeshifter) (D:11)
  3 shadows
  A water elemental (D:11)
  3 vampires
  8 wraiths
  2 wyverns
  7 basilisks
  38 yaks
  5 steam dragons
  6 vampire mosquitoes
  A warg (Orc:2)
  An acid dragon (D:12)
  22 water moccasins
  Duvessa (D:6)
  38 orc warriors
  An ice beast (D:6)
  3 black bears
  14 centaurs
  14 wolves
  14 ogres
  3 phantoms
  2 kobold brigands
  19 bullfrogs
  3 gnoll sergeants
  5 scorpions
  2 necrophages (D:7)
  3 wights (D:8)
  Dowan (D:6)
  10 killer bees
  9 howler monkeys
  3 electric eels (D:11)
  5 hounds
  Crazy Yiuf (D:6)
  A gnoll shaman (D:4)
  19 orc priests
  4 iguanas
  29 orc wizards
  7 hell rats (Lair:5)
  11 gnolls
  7 adders
  A white imp (D:6)
  An ufetubus (D:4)
  4 worms
  4 dart slugs
  84 orcs
  7 bats
  17 endoplasms
  3 giant cockroaches
  10 goblins
  8 hobgoblins
  3 jackals (D:2)
  14 kobolds
  4 quokkas
  6 ball pythons
  2 frilled lizards
  12 rats
752 creatures vanquished.

Vanquished Creatures (others)
  An oklob plant (Lair:2)
  A wolf (Lair:2)
  17 fungi
  85 plants
104 creatures vanquished.

Grand Total: 856 creatures vanquished

Notes
Turn   | Place    | Note
-------+----------+-------------------------------------------
     0 | D:1      | Patoropollo the Deep Elf Hunter began the quest for the
                  | Orb.
     0 | D:1      | Reached XP level 1. HP: 12/12 MP: 3/3
   156 | D:1      | Reached XP level 2. HP: 17/17 MP: 4/4
   236 | D:1      | Found a faded altar of an unknown god.
   307 | D:1      | Reached skill level 2 in Stealth
   637 | D:1      | Reached XP level 3. HP: 21/21 MP: 5/5
  1042 | D:2      | Reached XP level 4. HP: 26/26 MP: 6/6
  1181 | D:2      | Reached skill level 3 in Stealth
  1724 | D:3      | Reached XP level 5. HP: 31/31 MP: 7/7
  2170 | D:3      | Found a glowing drain.
  2188 | Sewer    | Entered a sewer
  2216 | Sewer    | Noticed a water moccasin
  2226 | Sewer    | Killed a water moccasin
  2227 | Sewer    | Reached skill level 4 in Stealth
  2227 | Sewer    | Reached XP level 6. HP: 14/36 MP: 8/8
  3195 | D:4      | Reached skill level 5 in Dodging
  3195 | D:4      | Reached XP level 7. HP: 41/41 MP: 9/9
  3209 | D:4      | Reached skill level 5 in Stealth
  3350 | D:5      | Entered Level 5 of the Dungeon
  4265 | D:6      | Reached skill level 6 in Stealth
  4265 | D:6      | Reached XP level 8. HP: 48/48 MP: 10/10
  4641 | D:6      | Reached skill level 7 in Stealth
  4957 | D:6      | Noticed Dowan
  4958 | D:6      | Noticed Duvessa
  4980 | D:6      | Killed Duvessa
  4986 | D:6      | Killed Dowan
  5047 | D:6      | Reached skill level 5 in Fighting
  5124 | D:6      | Noticed Pikel
  5149 | D:6      | Killed Pikel
  5150 | D:6      | Reached skill level 8 in Stealth
  5150 | D:6      | Reached XP level 9. HP: 46/54 MP: 11/11
  5342 | D:6      | Found a staircase to the Ecumenical Temple.
  5379 | Temple   | Entered the Ecumenical Temple
  5772 | Temple   | Became a worshipper of Fedhas Madash
  6015 | D:6      | Found a runed translucent door.
  6016 | D:6      | Noticed Crazy Yiuf
  6512 | D:6      | Killed Crazy Yiuf
  6727 | D:7      | Reached skill level 10 in Bows
  6762 | D:7      | Identified the +12 hunting sling of Law {flame, rPois rF+
                  | rC+}
  6808 | D:7      | Noticed Joseph
  6812 | D:7      | Paralysed by Joseph for 4 turns
  6826 | D:7      | Paralysed by Joseph for 4 turns
  6830 | D:7      | Killed Joseph
  7196 | D:7      | Reached skill level 9 in Stealth
  7562 | D:7      | Reached * piety under Fedhas
  8236 | D:8      | Reached XP level 10. HP: 60/60 MP: 12/12
  8489 | D:8      | Reached skill level 10 in Stealth
  8519 | D:8      | Reached ** piety under Fedhas
  8881 | D:9      | Noticed a two-headed ogre
  8979 | D:9      | Reached skill level 10 in Dodging
  9030 | D:9      | Killed a two-headed ogre
  9111 | D:9      | Reached skill level 11 in Stealth
  9575 | D:10     | Entered Level 10 of the Dungeon
  9604 | D:10     | Reached XP level 11. HP: 67/67 MP: 13/13
  9620 | D:10     | Reached *** piety under Fedhas
 10060 | D:10     | Found a staircase to the Orcish Mines.
 10136 | D:10     | Noticed a +0 falchion
 10137 | D:10     | Noticed a +0 spear
 10138 | D:10     | Noticed a +0 short sword
 10138 | D:10     | Noticed a +0 dagger
 10138 | D:10     | Noticed a +0 short sword
 10138 | D:10     | Noticed a +0 dagger
 10139 | D:10     | Noticed a +0 spear
 10139 | D:10     | Noticed a +0 falchion
 10142 | D:10     | Found a hide-covered altar of Uskayaw.
 10362 | D:10     | Found a staircase to the Lair.
 10463 | D:10     | Identified a scroll of acquirement
 10463 | D:10     | Acquired a manual of Stealth
 10528 | D:11     | Noticed a two-headed ogre
 10533 | D:11     | Noticed Josephine
 10543 | D:11     | Killed a two-headed ogre
 10544 | D:11     | Reached skill level 12 in Stealth
 10560 | D:11     | Killed Josephine
 10655 | D:11     | Noticed a two-headed ogre
 10675 | D:11     | Killed a two-headed ogre
 10676 | D:11     | Reached skill level 13 in Stealth
 10752 | D:11     | Reached **** piety under Fedhas
 10766 | D:11     | Noticed a flayed ghost
 10774 | D:11     | Killed a flayed ghost
 10794 | D:11     | Noticed a five-headed hydra
 10798 | D:11     | Noticed a five-headed hydra
 10803 | D:11     | HP: 3/69 [five-headed hydra (8)]
 10870 | D:11     | Noticed a two-headed ogre
 10894 | D:11     | Identified the +1 robe "Xopuj" {Harm rF+++ Int+2}
 10943 | D:11     | Killed a five-headed hydra
 10989 | D:11     | Noticed a skeletal warrior
 11026 | D:11     | Killed a skeletal warrior
 11027 | D:11     | Reached skill level 14 in Stealth
 11027 | D:11     | Reached XP level 12. HP: 62/75 MP: 14/14
 11073 | D:11     | Noticed Lodul
 11104 | D:11     | Killed Lodul
 11193 | D:11     | Noticed a deep troll earth mage
 11204 | D:11     | Killed a deep troll earth mage
 11243 | D:11     | Killed a five-headed hydra
 11251 | D:11     | Noticed a seven-headed hydra
 11252 | D:11     | Noticed a centaur warrior
 11256 | D:11     | Noticed a boulder beetle
 11256 | D:11     | Noticed a death yak
 11257 | D:11     | Noticed an alligator
 11257 | D:11     | a death yak changed into an alligator
 11320 | D:11     | Noticed a tengu warrior
 11345 | D:11     | Killed a tengu warrior
 11364 | D:11     | Reached skill level 15 in Stealth
 11402 | D:11     | Noticed a catoblepas
 11413 | D:11     | Killed a catoblepas
 11503 | D:11     | Noticed a four-headed hydra
 11523 | D:11     | Identified the +5 great sword of Cety {holy, rF+ Will+
                  | Int+3}
 11548 | D:11     | Killed a four-headed hydra
 11574 | D:11     | Killed a seven-headed hydra
 11819 | D:11     | Found an ornate altar of the Wu Jian Council.
 11950 | D:11     | Killed a boulder beetle
 11986 | D:11     | Killed a two-headed ogre
 11987 | D:11     | Reached skill level 16 in Stealth
 12138 | D:11     | Killed a centaur warrior
 12138 | D:11     | Reached ***** piety under Fedhas
 12197 | D:12     | Reached skill level 15 in Bows
 12269 | D:12     | Noticed Psyche
 12274 | D:12     | Killed Psyche
 12333 | D:12     | Noticed a seven-headed hydra
 12344 | D:12     | Killed a seven-headed hydra
 12345 | D:12     | Reached XP level 13. HP: 26/81 MP: 15/15
 12462 | D:12     | Reached skill level 17 in Stealth
 12948 | D:12     | Reached skill level 10 in Fighting
 13187 | D:13     | Reached skill level 18 in Stealth
 13495 | D:13     | Noticed Sonja
 13501 | D:13     | Killed Sonja
 13550 | D:13     | Found a gate to the Vaults.
 13996 | Lair:1   | Entered Level 1 of the Lair of Beasts
 14883 | Lair:2   | Reached skill level 19 in Stealth
 15027 | Lair:2   | Reached XP level 14. HP: 88/88 MP: 16/16
 15091 | Lair:2   | Found a hole to the Spider Nest.
 15127 | Lair:2   | Reached ****** piety under Fedhas
 15158 | Lair:2   | Identified the ring "Valup" {rPois Int+2}
 15357 | Lair:2   | Reached skill level 15 in Dodging
 16016 | Lair:3   | Noticed Fannar
 16029 | Lair:3   | Killed Fannar
 16274 | Lair:3   | Reached skill level 20 in Stealth
 16333 | Lair:3   | Identified the +1 ring mail of the Playwright {rF+ Will+}
 16590 | Lair:4   | Found a staircase to the Shoals.
 17233 | Lair:5   | Found a white marble altar of Elyvilon.
 17350 | Lair:5   | Found a dark tunnel.
 17995 | Lair:6   | Entered Level 6 of the Lair of Beasts
 18195 | Lair:6   | Found a staircase to the Slime Pits.
 18261 | Lair:6   | Reached XP level 15. HP: 96/96 MP: 17/17
 19041 | Lair:6   | Reached skill level 21 in Stealth
 19367 | Lair:6   | Acquired the +10 shortbow of Aroacag {speed, +Blink rC+
                  | SInv Stlth+}
 19520 | Orc:1    | Entered Level 1 of the Orcish Mines
 19753 | Orc:2    | Entered Level 2 of the Orcish Mines
 20257 | Orc:2    | Noticed an orc warlord
 20382 | Orc:1    | Found Ereghurph's Magic Scroll Shop.
 20387 | Orc:1    | Bought a scroll of enchant armour for 90 gold pieces
 20572 | Orc:2    | Killed an orc warlord
 20626 | Orc:2    | Found a staircase to the Elven Halls.
 20736 | Orc:2    | Found Ucetoq's Antique Armour Boutique.
 20737 | Orc:2    | Found Uravohacw's Antique Weapon Boutique.
 20739 | Orc:2    | Found Omeisch's General Store.
 20739 | Orc:2    | Found Ceaguj's Book Shop.
 21490 | D:14     | Noticed Agnes
 21498 | D:14     | Killed Agnes
 21651 | D:14     | Reached XP level 16. HP: 85/103 MP: 18/18
 21976 | D:14     | Found a runed translucent door.
 22252 | D:15     | Entered Level 15 of the Dungeon
 22585 | D:15     | Reached skill level 22 in Stealth
 22770 | D:15     | Found a staircase to the Depths.
 23431 | Shoals:1 | Entered Level 1 of the Shoals
 23492 | Shoals:1 | HP: 1/102 [water nymph/the raging water (25)]
 23492 | Shoals:1 | Killed from afar by a water nymph

Illustrated notes

Levels and vault maps discovered:
D:1:      dpeg_arrival_tiny_j, layout_basic,
          hellmonk_ecumenical_altar_inner_sanctum, palyth_stone_intersect
D:2:      layout_loops_ring
D:3:      layout_basic, portal_sewer_entry_a
D:4:      layout_cave_pools
D:5:      layout_loops_ring
D:6:      layout_loops_corners, minmay_temple_entry_junction,
          minmay_diced_spiral, uniq_duvessa, uniq_pikel, uniq_crazy_yiuf_cottage
D:7:      cheibrodos_steamvent, layout_basic, hangedman_decor_clover_reticule,
          kennysheep_generic_room_13, uniq_joseph
D:8:      layout_loops_ring
D:9:      layout_cross
D:10:     layout_loops_ring, nicolae_uskayaw_en_pointe,
          grunt_lair_entry_orc_guard_hut, david_orc_2,
          small_statue_intersection, st_stairs_7
D:11:     minmay_complete_graph, layout_basic, pdpol_wu_jian_five_deadly_venoms,
          uniq_lodul, uniq_josephine
D:12:     minmay_the_grid_octo_2x2 [minmay_the_grid_octo_teeth,
          minmay_the_grid_octo_empty, minmay_the_grid_octo_chip,
          minmay_the_grid_octo_prize_star], layout_irregular_city, uniq_psyche
D:13:     layout_loops_ring, david_vaults_1, uniq_sonja
D:14:     layout_stronghold, serial_park_tiny_1, minmay_hidden_floor, uniq_agnes
D:15:     grunt_enter_depths_hoard, layout_basic, chequers_jeans
Temple:   mainiacjoe_temple_trianglar_array
Lair:1:   layout_regular_city, minmay_hedge_maze
Lair:2:   layout_cave_pods, dummy_spider_entry, minivault_26,
          serial_bayou_shore_b, grunt_megastairs_4, infiniplex_staircase_pool
Lair:3:   cheibrodos_lair_overgrown_chateau, layout_regular_city,
          grunt_megastairs_3, uniq_fannar
Lair:4:   layout_big_grid, elwin_shoals_entry_rooms
Lair:5:   layout_small_grid, serial_rivers, chequers_serial_rivers_micro_d,
          chequers_serial_rivers_large_a, chequers_serial_rivers_small_a,
          chequers_serial_rivers_room_a, chequers_serial_rivers_micro_d,
          chequers_serial_rivers_room_a, nicolae_volcano_entry_hallway,
          basic_altar, hangedman_lair_unloving_vines
Lair:6:   evilmike_catoblepas_cave, layout_long_grid, slime_dummy,
          lemuel_fruit_fields, grunt_megastairs_1
Shoals:1: argonaut_golden_fleece, layout_shoals, lemuel_altar_in_water,
          regret_index_shoals_crete, uniq_roxanne
Orc:1:    layout_diamond_mine, serial_shops, nicolae_shop_trees,
          minmay_orc_temple_b
Orc:2:    st_orc_congregation, layout_caves

Skill      XL: |  1  2  3  4  5  6  7  8  9 10 11 12 13 14 15 16 |
---------------+-------------------------------------------------+-----
Stealth        | 2 3 4 6 8 9 11 14 16 19 20 21 22 | 22.1
Fighting       | 2 3 4 5 6 7 8 9 10 11 12 13 | 13.0
Dodging        | 3 4 5 6 7 9 10 12 13 14 16 17 | 17.9
Bows           | 6 7 8 9 10 12 13 15 16 18 19 | 19.8

Action                   |  1- 3 |  4- 6 |  7- 9 | 10-12 | 13-15 | 16-18 || total
-------------------------+-------+-------+-------+-------+-------+-------++-------
Melee: Shortbow          |       |       |       |     3 |       |       ||     3
 Fire: Shortbow          |   100 |   185 |   329 |   753 |  1688 |   245 ||  3300
Invok: Wall of Briars    |       |       |       |     1 |     1 |       ||     2
  Use: Scroll            |       |       |    26 |     6 |    13 |       ||    45
       Potion            |       |       |     1 |     4 |     2 |     2 ||     9
Armor: Leather armour    |     4 |    16 |    76 |   139 |       |       ||   235
       Troll leather arm |       |       |       |    66 |   138 |    15 ||   219
       Skin              |       |       |       |     4 |       |       ||     4
Dodge: Dodged            |     8 |    54 |   179 |   381 |   521 |    39 ||  1182

Table legend: (Time is in decaauts)
 A = Elapsed time spent in this place.
 B = Non-inter-level travel time spent in this place.
 C = Inter-level travel time spent in this place.
 D = Time resting spent in this place.
 E = Time spent auto-exploring this place.
 F = Levels seen in this place.
 G = Mean time per level.
                   A        B        C        D        E       F      G
               +--------+--------+--------+--------+--------+-----+--------+
         Total |  22994 |  21482 |   1512 |      0 |  16782 |  26 |  884.4 |
       Dungeon |  15218 |  14317 |    901 |      0 |  11251 |  15 | 1014.5 |
        Temple |    418 |    394 |     24 |      0 |    381 |   1 |  418.0 |
          Lair |   5438 |   5017 |    421 |      0 |   3908 |   6 |  906.3 |
        Shoals |     50 |     50 |      0 |      0 |      6 |   1 |   50.0 |
  Orcish Mines |   1564 |   1400 |    164 |      0 |    967 |   2 |  782.0 |
         Sewer |    303 |    303 |      0 |      0 |    268 |   1 |  303.0 |
               +--------+--------+--------+--------+--------+-----+--------+

Top non-repeatable levels by time:
     D:6: 2081 daAuts
    D:11: 1739 daAuts
     D:7: 1436 daAuts
  Lair:6: 1306 daAuts
   Orc:2: 1045 daAuts
    D:10: 1039 daAuts
  Lair:2: 997 daAuts
     D:2: 989 daAuts
    D:13: 974 daAuts
     D:3: 913 daAuts
  Lair:3: 892 daAuts
    D:15: 859 daAuts
    D:14: 844 daAuts
  Lair:5: 814 daAuts
    D:12: 797 daAuts
